 Dungeon Crawl Stone Soup version 0.32-a0-699-g1ee5eff69a (webtiles) character file.

Game seed: 18342341859788650787

137953 bmack86 the Slayer (level 16, -2/173 HPs)
             Began as a Minotaur Fighter on Mar 14, 2024.
             Was the Champion of Trog.
             Slain by a steelbarb worm (11 damage)
             ... on level 4 of the Spider Nest.
             The game lasted 01:15:03 (20348 turns).

bmack86 the Slayer (Minotaur Fighter)              Turns: 20348, Time: 01:15:03

Health: -2/173     AC: 33    Str: 27    XL:     16   Next: 47%
Magic:  15/15      EV:  3    Int:  5    God:    Trog [******]
Gold:   1630       SH:  0    Dex: 12    Spells: 15/15 levels left

rFire   + . .        v - +2 broad axe (heavy)
rCold   + . .        J - +2 kite shield {rC+}
rNeg    + + .        M - +5 chain mail of the Pits of Slime {rElec rF+ rN++ Stlth+}
rPois   .            W - +2 hat
rElec   +            Q - +2 cloak
rCorr   .            r - +2 pair of gloves
SInv    .            a - +3 pair of seven-league boots {Rampage+∞}
Will    ++...        K - amulet of regeneration Stlth
                     i - ring of flight
HPRegen 1.28/turn    R - ring of willpower
MPRegen 0.14/turn

%: rampage+∞
@: confused, spiked, on berserk cooldown, flying, held, slowed, very slow
A: horns 2, retaliatory headbutt
a: Renounce Religion, Berserk, Trog's Hand, Brothers in Arms


You were on level 4 of the Spider Nest.
You worshipped Trog.
Trog was exalted by your worship.
You visited 5 branches of the dungeon, and saw 27 of its levels.
You also visited: Ice Cave.

You collected 2032 gold pieces.
You spent 402 gold pieces at shops.

Inventory:

Hand Weapons
 b - a +2 hand axe of flaming
 v - a +2 heavy broad axe (weapon)
 U - a +2 war axe of freezing
Missiles
 n - 11 javelins (quivered)
 D - 6 throwing nets
 G - 2 curare-tipped darts
Armour
 a - the +3 pair of seven-league boots (worn) {Rampage+∞}
   (You found it on level 5 of the Lair of Beasts)

   Rampage+∞: When moving toward enemies, its wearer moves as far as possible,
   alerting their target en route.
 h - the +1 pair of boots of Kindness {rElec Int+3}
   (You acquired it on level 11 of the Dungeon)

   Int+3:     It affects your intelligence (+3).
   rElec:     It insulates you from electricity.
 m - a +1 plate armour of poison resistance
 r - a +2 pair of gloves (worn)
 J - a +2 kite shield of cold resistance (worn)
 M - the +5 chain mail of the Pits of Slime (worn) {rElec rF+ rN++ Stlth+}
   (You found it on level 8 of the Dungeon)

   rF+:       It protects you from fire.
   rElec:     It insulates you from electricity.
   rN++:      It greatly protects you from negative energy.
   Stlth+:    It makes you more stealthy.
 Q - a +2 cloak (worn)
 W - a +2 hat (worn)
Jewellery
 i - a ring of flight (left hand)
 j - a ring of protection from cold
 w - a ring of fire
 K - an amulet of regeneration (around neck)
 L - a ring of resist corrosion
 O - a ring of protection from cold
 R - a ring of willpower (right hand)
Wands
 c - a wand of digging (15)
 t - a wand of paralysis (14)
 I - a wand of flame (42)
 Z - a wand of acid (3)
Scrolls
 f - 4 scrolls of revelation
 k - a scroll of vulnerability
 u - 7 scrolls of teleportation
 E - 3 scrolls of fear
 F - 6 scrolls of fog
 H - 2 scrolls of poison
 T - 2 scrolls of identify
Potions
 d - 5 potions of might
 g - 2 potions of mutation
 l - 3 potions of berserk rage
 o - a potion of ambrosia
 q - 12 potions of curing
 x - a potion of cancellation
 B - 3 potions of lignification
 P - a potion of haste
 S - 4 potions of heal wounds
 X - a potion of invisibility
 Y - a potion of magic
Miscellaneous
 V - a box of beasts


   Skills:
 * Level 23.7 Fighting
 - Level 18.0 Axes
 + Level 17.7 Armour
 - Level 10.0 Shields


You had 15 spell levels left.
You didn't know any spells.
Your spell library contained the following spells:

 Spells                   Type           Power      Damage    Failure   Level
 Apportation              Tloc           0%         N/A       94%         1
 Necrotise                Necr           0%         1d4       94%         1
 Sting                    Conj/Alch      0%         1d3       94%         1
 Summon Small Mammal      Summ           0%         N/A       94%         1
 Olgreb's Toxic Radiance  Alch           0%         N/A       100%        4
 Ozocubu's Refrigeration  Ice            0%         4d7       100%        7
 Discord                  Hex            0%         N/A       100%        8


Dungeon Overview and Level Annotations

Branches:
Dungeon (15/15)            Temple (1/1) D:7            Lair (5/5) D:9
  Swamp (0/4) Lair:3       Spider (4/4) Lair:2        Slime (0/5) Lair:5
    Orc (2/2) D:10            Elf (0/3) Orc:2        Vaults (0/5) D:14
 Depths (0/4) D:15          IceCv (visited)

Altars:
Ashenzari
Cheibriados
Dithmenos
Elyvilon
Fedhas
Gozag
Hepliaklqana
Kikubaaqudgha
Makhleb
Nemelex Xobeh
Okawaru
Qazlal
Ru
Sif Muna
Trog
Uskayaw
Vehumet
Wu Jian
Xom
Yredelemnul
Zin
The Shining One
Beogh

Shops:
D:5 *   D:11 :   Orc:1 (   Orc:2 !:[?

Annotations:
Lair:3 3 runed translucent doors, draino's ghost, journeyman FeSh


Innate Abilities, Weirdness & Mutations

You have a pair of horns on your head.
You reflexively headbutt those who attack you in melee.


Message History

The moth of wrath bites you but does no damage.
You see here a wolf spider corpse.
You slice the jumping spider!!
The jumping spider is severely wounded.
You slice the steelbarb worm!! You slice the moth of wrath!!
You hit the tarantella. The tarantella touches you!
* * * LOW HITPOINT WARNING * * *
You are afflicted by dizzying energies!
You are confused.
The jumping spider barely misses you.
The jumping spider bites you but does no damage.
The tarantella touches you but does no damage.
The jumping spider closely misses you. The jumping spider bites you.
* * * LOW HITPOINT WARNING * * *
The steelbarb worm closely misses you. The tarantella closely misses you.
The jumping spider pounces on you.
* * * LOW HITPOINT WARNING * * *
The jumping spider bites you but does no damage.
The steelbarb worm hits you!!
* * * LOW HITPOINT WARNING * * *
More barbed spikes become lodged in your body.
The moth of wrath bites you but does no damage.
A wolf spider comes into view.
The tarantella touches you but does no damage.
The jumping spider pounces on you.
* * * LOW HITPOINT WARNING * * *
You are caught in a web!
The jumping spider barely misses you. The steelbarb worm hits you!!
* * * LOW HITPOINT WARNING * * *
More barbed spikes become lodged in your body.
The moth of wrath bites you but does no damage.
You feel much better.
You are no longer corroded.
The tarantella touches you but does no damage.
The jumping spider pounces on you!!
* * * LOW HITPOINT WARNING * * *
The jumping spider bites you but does no damage.
The tarantella touches you but does no damage.
The steelbarb worm hits you!
You die...

... #... .. .... ##...
... .^. #...† ...^ ^^
##### ##.... ....##^
##...### ##.....
...^..s##.^..^^####.^~.^.
^.......s.[...^..########
[......ys†.........^.....
......ss@.......#........
.....^.w†.^.....††.......
..~##.^~~..^...†#.^..†...
..^...#####..~^^.^).††...
....^ ########.^^~^.~
(..... ######## ^^^.. ^.
.~... ... ...


You could see a broodmother, a steelbarb worm (berserk), a wolf spider, a moth
of wrath, 2 jumping spiders and a tarantella (berserk).

Vanquished Creatures
  Rupert (Lair:5)
  Kirke (Lair:4)
  2 emperor scorpions (Spider:4)
  The ghost of gimp the Wallflower, a journeyman OnSh of Uskayaw (Lair:5)
  2 ghost moths (Spider:4)
  An orc warlord (Orc:1)
  A stone giant (D:15)
  A broodmother (Spider:4)
  A minotaur (Lair:2)
  The ghost of jasper the Destroyer, a journeyman TeAE of Sif Muna (Orc:2)
  2 ettins
  3 entropy weavers (Spider:4)
  Harold (D:9)
  Fannar (D:10)
  An ogre mage (D:15)
  A rakshasa (D:13)
  The ghost of croobank the Martial Artist, a journeyman GnSh (Lair:2)
  A merfolk avatar (Lair:5)
  3 catoblepae
  4 hydras
  An ironbound frostheart (D:14)
  4 centaur warriors
  Erica (D:8)
  10 two-headed ogres
  12 death yaks (Lair:5)
  3 tengu warriors (D:15)
  A demonic crawler (Lair:2)
  3 skysharks (Lair:3)
  A pharaoh ant (Spider:4)
  Pikel (D:6)
  An orb spider (Spider:4)
  2 bog bodies (IceCv)
  2 steelbarb worms
  9 wolf spiders (Spider:4)
  7 ugly things
  4 orc knights (Orc:2)
  5 cyclopes
  A manticore (D:15)
  4 kobold blastminers (Orc:2)
  25 elephants
  A moth of wrath (Spider:3)
  9 meliai
  10 black mambas
  A torpor snail (Lair:5)
  14 cane toads
  An ice statue (IceCv)
  Joseph (D:7)
  A gargoyle (D:10)
  2 efreet
  An unseen horror (D:12)
  A kobold demonologist (D:12)
  A freezing wraith (IceCv)
  Jeremiah (D:9)
  2 rime drakes
  10 komodo dragons
  2 tengu conjurers
  A queen bee (shapeshifter) (D:15)
  8 trolls
  14 dream sheep
  A polar bear (Lair:5)
  10 tarantellas
  A hornet (Lair:5)
  A snapping turtle (Lair:5)
  30 blink frogs
  8 slime creatures
  2 shadows (D:10)
  7 culicivoras (Spider:4)
  6 jumping spiders
  A dire elephant simulacrum (IceCv)
  3 water elementals
  64 yaks
  3 humans (D:14)
  8 wyverns
  4 vampire mosquitoes (D:12)
  A death yak simulacrum (IceCv)
  4 hogs (Lair:4)
  A warg (Orc:1)
  24 redbacks
  A steam dragon (Lair:5)
  2 basilisks (Lair:2)
  A harpy simulacrum (IceCv)
  2 swamp worms (Lair:3)
  3 acid dragons
  11 water moccasins
  A hydra simulacrum (IceCv)
  34 orc warriors
  An ice beast (D:7)
  A sky beast (D:6)
  4 laughing skulls
  2 black bears (Lair:1)
  11 ogres
  16 centaurs
  22 wolves
  4 lemures (D:6)
  3 kobold brigands
  3 phantoms
  17 bullfrogs
  3 gnoll sergeants
  7 two-headed ogre simulacra (IceCv)
  2 cane toad simulacra (IceCv)
  9 scorpions
  4 elephant simulacra (IceCv)
  3 killer bees (D:10)
  6 electric eels
  A howler monkey (D:8)
  A bombardier beetle (D:3)
  5 hounds
  5 orc priests
  6 jellies
  2 iguanas
  8 orc wizards
  A sleepcap (D:7)
  2 polar bear simulacra (IceCv)
  5 spriggan simulacra (IceCv)
  2 troll simulacra (IceCv)
  A wolf simulacrum (IceCv)
  8 ogre zombies (D:10)
  12 gnolls
  12 adders
  5 naga simulacra (IceCv)
  5 white imps (IceCv)
  4 ufetubi (IceCv)
  3 dart slugs
  7 ribbon worms
  66 orcs
  8 bats
  7 endoplasms
  5 giant cockroaches
  2 gnoll zombies (D:10)
  3 goblins
  9 hobgoblins
  4 quokkas
  8 ball pythons
  3 frilled lizards
  4 gnoll skeletons (D:10)
  18 kobolds
  4 orc skeletons (D:10)
  15 orc zombies (D:10)
  5 rats
816 creatures vanquished.

Notes
Turn   | Place    | Note
-------+----------+-------------------------------------------
     0 | D:1      | bmack86 the Minotaur Fighter began the quest for the Orb.
     0 | D:1      | Reached XP level 1. HP: 19/19 MP: 0/0
   158 | D:1      | Reached XP level 2. HP: 21/26 MP: 1/1
   831 | D:2      | Reached XP level 3. HP: 31/31 MP: 2/2
   926 | D:2      | Reached skill level 5 in Shields
  1056 | D:2      | Reached XP level 4. HP: 38/39 MP: 3/3
  1499 | D:3      | Found a faded altar of an unknown god.
  1510 | D:3      | Reached skill level 5 in Axes
  1611 | D:3      | Found a bloodstained altar of Trog.
  1616 | D:3      | Became a worshipper of Trog the Wrathful
  1625 | D:3      | Found a blossoming altar of Fedhas.
  2029 | D:3      | Reached XP level 5. HP: 45/45 MP: 4/4
  3022 | D:4      | Reached XP level 6. HP: 51/51 MP: 5/5
  3169 | D:5      | Entered Level 5 of the Dungeon
  3175 | D:5      | Found Adghat's Gadget Gallery.
  3231 | D:5      | Found a glowing silver altar of Zin.
  3280 | D:5      | Reached XP level 7. HP: 7/57 MP: 6/6
  3761 | D:6      | Reached * piety under Trog
  3766 | D:6      | Reached skill level 10 in Axes
  3889 | D:6      | Found a sparkling altar of Nemelex Xobeh.
  4007 | D:6      | Noticed Pikel
  4022 | D:6      | Killed Pikel
  4023 | D:6      | Reached XP level 8. HP: 35/64 MP: 7/7
  4977 | D:7      | Reached XP level 9. HP: 70/70 MP: 8/8
  5344 | D:7      | Noticed Joseph
  5355 | D:7      | Killed Joseph
  5434 | D:7      | Found a hide-covered altar of Uskayaw.
  5450 | D:7      | Reached skill level 15 in Axes
  5450 | D:7      | Reached ** piety under Trog
  5679 | D:7      | Found a staircase to the Ecumenical Temple.
  5688 | Temple   | Entered the Ecumenical Temple
  5960 | D:8      | Noticed a +0 falchion
  5960 | D:8      | Noticed a +0 spear
  5960 | D:8      | Noticed a +0 dagger
  5961 | D:8      | Noticed a +0 short sword
  5961 | D:8      | Noticed a +0 spear
  5964 | D:8      | Noticed a +0 falchion
  5964 | D:8      | Noticed a +0 short sword
  5968 | D:8      | Noticed a +0 dagger
  6007 | D:8      | Found a hide-covered altar of Uskayaw.
  6130 | D:8      | Noticed Erica
  6140 | D:8      | Killed Erica
  6164 | D:8      | Identified the +5 chain mail of the Pits of Slime {rElec
                  | rF+ rN++ Stlth+}
  6643 | D:9      | Identified the +2 falchion of Nolysergh {heavy, ^Drain
                  | rElec Int+9 Dex+3}
  6657 | D:9      | Found a white marble altar of Elyvilon.
  6677 | D:9      | Reached XP level 10. HP: 75/77 MP: 9/9
  6807 | D:9      | Noticed Jeremiah
  6818 | D:9      | Killed Jeremiah
  7044 | D:9      | Found a staircase to the Lair.
  7207 | D:9      | Noticed Harold
  7227 | D:9      | Killed Harold
  7228 | D:9      | Reached skill level 4 in Fighting
  7253 | D:9      | Reached skill level 5 in Fighting
  7349 | Lair:1   | Entered Level 1 of the Lair of Beasts
  7387 | D:10     | Entered Level 10 of the Dungeon
  7425 | D:10     | Reached skill level 6 in Fighting
  7434 | D:10     | Reached skill level 5 in Armour
  7517 | D:10     | Found a staircase to the Orcish Mines.
  7538 | D:10     | Reached *** piety under Trog
  7600 | D:10     | Noticed a two-headed ogre
  7612 | D:10     | Killed a two-headed ogre
  7613 | D:10     | Reached skill level 7 in Fighting
  7613 | D:10     | Reached XP level 11. HP: 77/92 MP: 10/10
  7677 | D:10     | Noticed Fannar
  7700 | D:10     | Killed Fannar
  7701 | D:10     | Reached skill level 8 in Fighting
  7914 | D:10     | Found a roughly hewn altar of Beogh.
  7920 | D:10     | Reached **** piety under Trog
  8267 | D:11     | Identified a scroll of acquirement
  8268 | D:11     | Acquired the +1 pair of boots of Kindness {rElec Int+3}
  8320 | D:11     | Found a frozen archway.
  8331 | D:11     | Reached skill level 9 in Fighting
  8354 | IceCv    | Entered an ice cave
  8624 | IceCv    | Noticed a bog body
  8627 | IceCv    | Noticed a bog body
  8633 | IceCv    | Killed a bog body
  8634 | IceCv    | Reached skill level 10 in Fighting
  8652 | IceCv    | Killed a bog body
  8766 | IceCv    | Reached ***** piety under Trog
  9127 | D:11     | Reached skill level 11 in Fighting
  9252 | D:11     | Found Mapaf's Vocational Training.
  9269 | D:11     | Reached XP level 12. HP: 77/110 MP: 11/11
  9794 | D:12     | Identified the +0 chain mail "Ylen" {rPois Stlth+}
  9882 | D:12     | Reached skill level 12 in Fighting
 10364 | D:12     | Noticed a two-headed ogre
 10368 | D:12     | Killed a two-headed ogre
 10780 | D:13     | Noticed a rakshasa
 10782 | D:13     | Noticed a centaur warrior
 10921 | Lair:1   | Reached skill level 13 in Fighting
 11045 | Lair:1   | Reached skill level 10 in Armour
 11607 | Lair:1   | Noticed a catoblepas
 11638 | Lair:1   | Killed a catoblepas
 11723 | Lair:2   | Reached skill level 14 in Fighting
 11777 | Lair:2   | Found a runed translucent gate.
 11777 | Lair:2   | Found a runed translucent gate.
 11777 | Lair:2   | Found a runed translucent gate.
 11782 | Lair:2   | Noticed a minotaur
 11784 | Lair:2   | Noticed croobank's ghost (journeyman GnSh)
 11942 | Lair:2   | Noticed a seven-headed hydra
 11950 | Lair:2   | Killed a four-headed hydra
 11982 | Lair:2   | Noticed a demonic crawler
 11986 | Lair:2   | Reached XP level 13. HP: 125/125 MP: 12/12
 11998 | Lair:2   | Received a gift from Trog
 12017 | Lair:2   | You are sucked into a shaft and drop 2 floors!
 12105 | Lair:4   | Reached skill level 15 in Fighting
 12243 | Lair:4   | Reached skill level 10 in Shields
 12287 | Lair:4   | Noticed Kirke
 12300 | Lair:4   | Killed Kirke
 12456 | Lair:2   | Reached skill level 16 in Fighting
 12533 | Lair:2   | Found a hole to the Spider Nest.
 12991 | Lair:2   | Killed croobank's ghost
 12993 | Lair:2   | Killed a minotaur
 13090 | Lair:3   | Reached skill level 17 in Fighting
 13107 | Lair:3   | Found a runed translucent gate.
 13107 | Lair:3   | Found a runed translucent gate.
 13115 | Lair:3   | Found a runed translucent gate.
 13115 | Lair:3   | Noticed draino's ghost (journeyman FeSh)
 13274 | Lair:3   | Reached XP level 14. HP: 139/140 MP: 13/13
 13316 | Lair:3   | Received a gift from Trog
 13629 | Lair:3   | Found a staircase to the Swamp.
 13635 | Lair:3   | Reached skill level 18 in Fighting
 14446 | Lair:5   | Entered Level 5 of the Lair of Beasts
 14510 | Lair:5   | Received a gift from Trog
 14519 | Lair:5   | Found the +8 trident of the Octopus King {venom, rElec
                  | rPois}
 14527 | Lair:5   | Got an earthy gem with 157 turns to spare
 14539 | Lair:5   | Identified the +7 mace of Woe {flame, rC+ Will+ Int-4
                  | Dex+3}
 14568 | Lair:5   | Reached skill level 19 in Fighting
 14800 | Lair:5   | Found a staircase to the Slime Pits.
 14827 | Lair:5   | Reached skill level 20 in Fighting
 14942 | Lair:5   | Reached skill level 15 in Armour
 14973 | Lair:5   | Found a runed translucent door.
 14980 | Lair:5   | Noticed gimp's ghost (journeyman OnSh)
 15009 | Lair:5   | Killed gimp's ghost
 15010 | Lair:5   | Reached XP level 15. HP: 137/155 MP: 14/14
 15010 | Lair:5   | Identified the dragon-blood talisman "Qitsoh" {rN++ Dex+2}
 15010 | Lair:5   | Found the +3 pair of seven-league boots {Rampage+∞}
 15229 | Lair:5   | Noticed Rupert
 15229 | Lair:5   | Paralysed by Rupert for 5 turns
 15249 | Lair:5   | Killed Rupert
 15868 | Orc:1    | Entered Level 1 of the Orcish Mines
 15887 | Orc:1    | Found Giuh's Antique Weapon Shoppe.
 15922 | Orc:1    | Reached ****** piety under Trog
 16358 | Orc:2    | Entered Level 2 of the Orcish Mines
 16505 | Orc:2    | Reached skill level 21 in Fighting
 16509 | Orc:2    | Found Tohulene's Antique Armour Boutique.
 16509 | Orc:2    | Found Kiheno's Book Shoppe.
 16521 | Orc:2    | Found a transporter.
 16521 | Orc:2    | Noticed jasper's ghost (journeyman TeAE)
 16521 | Orc:2    | Identified the +2 great mace of Brutal Revenge {freeze, rC+
                  | rN+ Str+2}
 16521 | Orc:2    | Identified the +5 great mace "Xicaz" {venom, Fly rElec rN++
                  | Str+2 Int-4}
 16536 | Orc:2    | Found Laonoit's Distillery.
 16538 | Orc:2    | Found Gyuwkice's Magic Scroll Shop.
 16544 | Orc:2    | Bought a scroll of brand weapon for 161 gold pieces
 16544 | Orc:2    | Bought a scroll of brand weapon for 161 gold pieces
 16549 | Orc:2    | Bought a potion of heal wounds for 80 gold pieces
 16598 | Orc:2    | Found a transporter.
 16612 | Orc:2    | Found a staircase to the Elven Halls.
 17211 | Orc:2    | Killed jasper's ghost
 18025 | D:14     | Reached skill level 22 in Fighting
 18092 | D:14     | Found a gate to the Vaults.
 18389 | D:14     | Found a blossoming altar of Fedhas.
 18526 | D:15     | Entered Level 15 of the Dungeon
 18850 | D:15     | Received a gift from Trog
 19186 | D:15     | Found a staircase to the Depths.
 19196 | D:15     | Reached XP level 16. HP: 96/170 MP: 15/15
 19639 | Spider:1 | Entered Level 1 of the Spider Nest
 19815 | Spider:4 | Entered Level 4 of the Spider Nest
 19903 | Spider:4 | Reached skill level 23 in Fighting
 20180 | Spider:4 | Received a gift from Trog
 20347 | Spider:4 | HP: 2/173 [steelbarb worm (22)]
 20348 | Spider:4 | Slain by a steelbarb worm

Illustrated notes

Levels and vault maps discovered:
D:1:      shiori_arrival_maze, layout_loops_corners, serial_rivers,
          chequers_serial_rivers_micro_e, chequers_serial_rivers_micro_e,
          chequers_serial_rivers_small_a, chequers_serial_rivers_large_b,
          chequers_serial_rivers_micro_a
D:2:      layout_basic, nicolae_underground_beach
D:3:      minmay_spotlight, layout_basic, amethyst_overflow_temple_binary,
          basic_ecumenical_altar, minmay_misc_feat_rugged
D:4:      layout_loops_cross
D:5:      layout_rooms, mainiacjoe_overflow_small_starburst,
          nicolae_shop_gadgets
D:6:      layout_layer_cave, kennysheep_mini_moat, nicolae_figureground_sparkle,
          uniq_pikel
D:7:      layout_basic, lemuel_temple_firewalk_b, kennysheep_small_circle,
          uniq_joseph
D:8:      layout_rooms, nicolae_uskayaw_en_pointe, uniq_erica
D:9:      layout_loops_ring, lemuel_doored_altar,
          grunt_lair_entry_orc_guard_hut, uniq_jeremiah, uniq_harold
D:10:     layout_long_grid, zombieorc2_lemuel, special_room [special_room_orc],
          serial_bayou_pond_c, uniq_fannar
D:11:     layout_basic, portal_ice_cave_entry_pillars_1, nicolae_shop_vocational
D:12:     layout_basic
D:13:     layout_gridville
D:14:     layout_irregular_city, hellmonk_vaults_keyhole, fedhas_altar_1
D:15:     grunt_enter_depths_snipers, layout_stronghold, serial_bayou_lagoon_a
Temple:   lightli_temple_of_artemis
Lair:1:   layout_cave_pods
Lair:2:   layout_regular_city, nicolae_spider_entry_non_spiders,
          maelrawn_ghost_gauntlet_escape, serial_rivers,
          chequers_serial_rivers_room_b, chequers_serial_rivers_small_b,
          chequers_serial_rivers_marsh, chequers_serial_rivers_micro_d
Lair:3:   layout_gridlike, palyth_hydra_swamp_entry, gammafunk_ghost_split,
          grunt_megastairs_5
Lair:4:   layout_gridlike, uniq_kirke
Lair:5:   gammafunk_lair_ancient_temple, layout_regular_city,
          minmay_slime_entry_pillars, ebering_ghost_inner_flame, uniq_rupert
Spider:1: lemuel_spider_zombies, hangedman_spider_tarantella_strand
Spider:2: layout_spider_delve
Spider:3: layout_spider_delve
Spider:4: grunt_spider_rune_parallel, nicolae_spider_bug_shape
Orc:1:    layout_caves, serial_shops, shop, nicolae_orc_stony_grotto
Orc:2:    st_orc_rangers, layout_caves, gammafunk_ghost_smash

Skill      XL: |  1  2  3  4  5  6  7  8  9 10 11 12 13 14 15 16 |
---------------+-------------------------------------------------+-----
Shields        | 4 5 6 9 10 | 10.0
Axes           | 3 4 5 7 8 12 13 16 18 | 18.0
Fighting       | 7 11 14 17 20 22 23 | 23.7
Armour         | 5 8 10 12 15 16 17 | 17.7

Action                     |  1- 3 |  4- 6 |  7- 9 | 10-12 | 13-15 | 16-18 || total
---------------------------+-------+-------+-------+-------+-------+-------++-------
  Melee: War axe           |    81 |   111 |   165 |   580 |   701 |       ||  1638
         Headbutt          |     8 |    15 |    24 |   132 |   239 |    21 ||   439
         Hand axe          |       |       |       |     4 |    15 |     7 ||    26
         Broad axe         |       |       |       |       |   173 |   136 ||   309
  Throw: Boomerang         |       |    10 |       |       |       |       ||    10
         Dart              |       |       |       |     1 |       |       ||     1
         Javelin           |       |       |       |     3 |       |       ||     3
 Invoke: Berserk           |       |       |     2 |     6 |    13 |     2 ||    23
         Trog's Hand       |       |       |       |     1 |       |       ||     1
  Evoke: Wand              |       |       |     1 |     1 |       |       ||     2
    Use: Scroll            |     1 |    10 |     8 |     9 |    13 |     4 ||    45
         Potion            |       |       |     2 |     3 |     2 |     6 ||    13
   Stab: Invisible         |       |       |       |     2 |       |       ||     2
 Armour: Scale mail        |    12 |       |       |       |       |       ||    12
         Chain mail        |    44 |    88 |   136 |   513 |   898 |   332 ||  2011
         Plate armour      |       |       |     3 |       |       |       ||     3
  Dodge: Dodged            |    68 |    52 |    90 |   146 |   255 |    77 ||   688
  Block: Buckler           |    19 |    24 |    45 |    52 |       |       ||   140
         Kite shield       |       |       |       |   157 |   639 |   149 ||   945

Table legend: (Time is in decaauts)
 A = Elapsed time spent in this place.
 B = Non-inter-level travel time spent in this place.
 C = Inter-level travel time spent in this place.
 D = Time resting spent in this place.
 E = Time spent auto-exploring this place.
 F = Levels seen in this place.
 G = Mean time per level.
                   A        B        C        D        E       F      G
               +--------+--------+--------+--------+--------+-----+--------+
         Total |  20358 |  19142 |   1216 |    589 |  12882 |  28 |  727.1 |
       Dungeon |  12626 |  11876 |    750 |    355 |   8912 |  15 |  841.7 |
        Temple |     21 |     21 |      0 |      0 |      0 |   1 |   21.0 |
          Lair |   4928 |   4561 |    367 |      0 |   2773 |   5 |  985.6 |
   Spider Nest |    725 |    725 |      0 |    177 |     33 |   4 |  181.2 |
  Orcish Mines |   1423 |   1326 |     97 |      0 |    890 |   2 |  711.5 |
      Ice Cave |    633 |    633 |      0 |     57 |    273 |   1 |  633.0 |
               +--------+--------+--------+--------+--------+-----+--------+

Top non-repeatable levels by time:
  Lair:5: 1207 daAuts
     D:6: 1191 daAuts
     D:7: 1068 daAuts
     D:3: 1064 daAuts
  Lair:2: 1051 daAuts
    D:12: 1026 daAuts
     D:9: 1010 daAuts
    D:10: 968 daAuts
    D:15: 919 daAuts
    D:11: 905 daAuts
  Lair:4: 900 daAuts
  Lair:3: 897 daAuts
  Lair:1: 870 daAuts
     D:1: 845 daAuts
   Orc:2: 817 daAuts
